 Dungeon Crawl Stone Soup version 0.30-a0-57-g8b159a9891 (webtiles) character file.

Game seed: 9761316925358796711

44 Conn the Firebug (level 3, -2/21 HPs)
             Began as an Octopode Fire Elementalist on Sept 11, 2022.
             Slain by Natasha (9 damage)
             ... on level 2 of the Dungeon.
             The game lasted 00:02:33 (1483 turns).

Conn the Firebug (Octopode Fire Elementalist)       Turns: 1483, Time: 00:02:34

Health: -2/21      AC:  1    Str:  7    XL:     3   Next: 62%
Magic:  5/6        EV: 13    Int: 19    God:
Gold:   109        SH:  0    Dex: 12    Spells: 5/6 levels left

rFire   . . .      SeeInvis .    f - +0 falchion (holy)
rCold   . . .      Faith    .    (no shield)
rNeg    . . .      Spirit   .    (helmet restricted)
rPois   .          Reflect  .    (no amulet)
rElec   .          Harm     .    (no ring)
rCorr   .          Rampage  .    (no ring)
Will    .....                    (no ring)
Stlth   +++.......               (no ring)
HPRegen 0.07/turn                (no ring)
MPRegen 0.10/turn                (no ring)
                                 (no ring)
                                 (no ring)

@: no status effects
A: almost no armour, amphibious, 8 rings, camouflage 1, gelatinous body 1,
(nimble swimmer 1), tentacles
a: no special abilities


You were on level 2 of the Dungeon.
You visited 1 branch of the dungeon, and saw 2 of its levels.

You collected 109 gold pieces.

Inventory:

Hand Weapons
 d - a +0 short sword
 f - a +0 falchion of holy wrath (weapon)
Missiles
 e - 5 poisoned darts
Scrolls
 c - 2 scrolls of teleportation {unknown}
 h - a scroll of fog {unknown}
 k - 2 scrolls of enchant armour {unknown}
 l - a scroll of magic mapping {unknown}
 n - a scroll of identify {unknown}
 o - a scroll of torment {unknown}
 p - a scroll of blinking {unknown}
 q - a scroll of enchant weapon {unknown}
 r - a scroll of brand weapon {unknown}
Potions
 a - 2 potions of magic
 b - 3 potions of might {unknown}
 g - 2 potions of degeneration {unknown}
 i - a potion of berserk rage {unknown}
 j - a potion of brilliance {unknown}
 m - a potion of heal wounds {unknown}


   Skills:
 + Level 0.4 Long Blades
 + Level 2.2 Dodging
 + Level 2.8 Stealth
 + Level 2.3 Spellcasting
 + Level 1.6 Conjurations
 + Level 3.7 Fire Magic


You had 5 spell levels left.
You knew the following spells:

 Your Spells              Type           Power      Damage    Failure   Level
a - Foxfire               Conj/Fire      48%        2x1d6     5%          1

Your spell library contained the following spells:

 Spells                   Type           Power      Damage    Failure   Level
 Scorch                   Fire           32%        2d6       5%          2
 Conjure Flame            Conj/Fire      12%        6-21      16%         3
 Inner Flame              Hex/Fire       9%         N/A       22%         3
 Ensorcelled Hibernation  Hex/Ice        4%         N/A       26%         2
 Passwall                 Tmut/Erth      1%         N/A       26%         2
 Swiftness                Air            2%         N/A       45%         3
 Flame Wave               Conj/Fire      12%        2d6       47%         4


Dungeon Overview and Level Annotations

Branches:
Dungeon (2/15)

Altars:

Annotations:
D:2 Natasha


Innate Abilities, Weirdness & Mutations

You cannot wear most types of armour.
You are amphibious.
You can wear up to eight rings at the same time.
Your skin changes colour to match your surroundings (Stealth+).
Your rubbery body absorbs attacks. (AC +1, EV +1)
((You are camouflaged when in or above water. (Stealth+)))
You have tentacles for arms and can constrict up to eight enemies at once.


Message History

You conjure some foxfire!
Unknown command.
Unknown command.
Your foxfire dissipates!
q - a scroll labelled KIYDDA ICOEGHA Your foxfire dissipates! x2
You see here a bat corpse.
A ball python comes into view.
Casting: Foxfire (safe; 5% risk of failure)
Confirm with . or Enter, or press ? or * to list all spells.
You conjure some foxfire!
Unknown command.
The foxfire hits the ball python.
The ball python is severely wounded.
The foxfire hits the ball python.
You kill the ball python!
Unknown command.
r - a scroll labelled WIOROD LOYME Natasha, Servant of Life and Death comes into view.
A rat and an endoplasm come into view.
A bat comes into view.
The helpless Natasha fails to defend herself.
You hit Natasha but do no damage. You grab Natasha. You constrict Natasha.
Natasha claws you!
Unknown command.
Casting: Foxfire (safe; 5% risk of failure)
Confirm with . or Enter, or press ? or * to list all spells.
You conjure some foxfire!
You constrict Natasha, but do no damage.
Natasha claws you.
Unknown command.
You hit Natasha.
Natasha is heavily wounded.
You constrict Natasha, but do no damage.
The foxfire hits Natasha.
Natasha is heavily wounded.
The foxfire hits Natasha.
Natasha is severely wounded.
The bat barely misses you. Natasha claws you!
You die...

.###.#.....# #.# #.#
.###.#..#..... ###.######.#
.##.v#†.#.###..# #........#..
....###.#.. .######..........#
###..##.##..
..#.).....####.#.# ##..#..#.r.
#.#....>..# #.#.# ##.##.##...
#.######.## #.#.#
#†.#.†##Jb.#h.# #.# #.#.#
##..##..###..@.#####(#####.#.#
#....##...####.#..............
#...#####......#.###.######..#
#..## ####.....# #.######..#
#<.# ####### #.....)...# #..#
#.#.# ########.##
#..#########...############.##
#..................(##........
########.......####.##.####.##


You could see Natasha, an endoplasm (asleep), a bat and a rat.

Vanquished Creatures
  An adder (D:2)
  A dart slug (D:2)
  4 endoplasms
  2 goblins
  2 hobgoblins (D:1)
  A quokka (D:2)
  7 ball pythons
  6 bats
  3 frilled lizards
  3 kobolds
  3 rats (D:2)
33 creatures vanquished.

Vanquished Creatures (others)
  81 foxfires
81 creatures vanquished.

Grand Total: 114 creatures vanquished

Notes
Turn   | Place    | Note
-------+----------+-------------------------------------------
     0 | D:1      | Conn the Octopode Fire Elementalist began the quest for the
                  | Orb.
     0 | D:1      | Reached XP level 1. HP: 11/11 MP: 3/3
   218 | D:1      | Reached XP level 2. HP: 17/17 MP: 5/5
   977 | D:2      | Reached XP level 3. HP: 20/21 MP: 2/6
  1478 | D:2      | Noticed Natasha
  1483 | D:2      | Slain by Natasha

Illustrated notes

Levels and vault maps discovered:
D:1:      amcnicky_arrival_blooded_trapdoor, layout_rooms, minivault_23
D:2:      minmay_evil_eye, layout_loops_ring, uniq_natasha

Action                   || total
-------------------------++-------
Melee: Falchion          ||    17
       Tentacles         ||     7
       Constrict         ||     8
       Short sword       ||     3
       Unarmed           ||     1
 Cast: Foxfire           ||    44
 Stab: Sleeping          ||     3
Armor: Skin              ||     2
Dodge: Dodged            ||    18

Table legend: (Time is in decaauts)
 A = Elapsed time spent in this place.
 B = Non-inter-level travel time spent in this place.
 C = Inter-level travel time spent in this place.
 D = Time resting spent in this place.
 E = Time spent auto-exploring this place.
 F = Levels seen in this place.
 G = Mean time per level.
                   A        B        C        D        E       F      G
               +--------+--------+--------+--------+--------+-----+--------+
         Total |   1486 |   1481 |      5 |      0 |   1081 |   2 |  743.0 |
       Dungeon |   1486 |   1481 |      5 |      0 |   1081 |   2 |  743.0 |
               +--------+--------+--------+--------+--------+-----+--------+

Top non-repeatable levels by time:
     D:1: 805 daAuts
     D:2: 681 daAuts
